 Dungeon Crawl Stone Soup version 0.28-a0-1518-gbe868bca14 (webtiles) character file.

Game seed: 1261045703540875113

5378 issech the Basher (level 10, -3/88 HPs)
             Began as a Minotaur Fighter on Jan 17, 2022.
             Was a Believer of Makhleb.
             Slain by an orc knight (17 damage)
             ... in a bailey.
             The game lasted 01:12:22 (7990 turns).

issech the Basher (Minotaur Fighter)                Turns: 7990, Time: 01:12:22

Health: -3/88      AC: 15    Str: 25    XL:     10   Next: 39%
Magic:  18/18      EV: 25    Int:  5    God:    Makhleb [**....]
Gold:   477        SH:  6    Dex: 18    Spells: 9/9 levels left

rFire   . . .      SeeInvis +   I - +8 flail (drain)
rCold   . . .      Faith    .   c - +0 buckler
rNeg    . . .      Spirit   .   v - +0 shadow dragon scales
rPois   .          Reflect  .   N - +1 hat {SInv}
rElec   .          Harm     .   (no cloak)
rCorr   .          Rampage  .   (no gloves)
Will    +....                   (no boots)
Stlth   +++.......              m - amulet of the acrobat
HPRegen 0.24/turn               W - ring "Usmarat" {Will+ MP+9 Str+2 Stlth-}
MPRegen 0.16/turn               u - +6 ring of dexterity

@: acrobatic, studying Dodging
A: horns 2, retaliatory headbutt
a: Renounce Religion, Minor Destruction


You were in a bailey.
You worshipped Makhleb.
Makhleb was pleased with you.
You visited 1 branch of the dungeon, and saw 8 of its levels.
You also visited: Bailey.

You collected 477 gold pieces.

Inventory:

Hand Weapons
 a - a +4 spear
 p - a +1 vorpal scimitar
 x - a +1 whip of electrocution
 I - a +8 flail of draining (weapon)
 K - a +2 dagger of venom
Missiles
 h - 216 stones (quivered)
 l - 108 sling bullets
 o - 17 poisoned darts
 q - 77 bolts
 s - 120 arrows
 G - 5 curare-tipped darts
Armour
 c - a +0 buckler (worn)
 r - a +1 robe of fire resistance
 v - +0 shadow dragon scales (worn)
 N - a +1 hat of see invisible (worn)
 V - a +3 scale mail
 Z - a +0 plate armour
Jewellery
 j - a ring of magical power
 m - an amulet of the acrobat (around neck)
 u - a +6 ring of dexterity (right hand)
 w - an amulet of magic regeneration
 A - a ring of willpower
 P - a ring of positive energy
 S - a +6 ring of dexterity
 T - a ring of willpower
 W - the ring "Usmarat" (left hand) {Will+ MP+9 Str+2 Stlth-}
   (You found it on level 6 of the Dungeon)

   [ring of magical power]

   Str:       It affects your strength (+2).
   MP:        It affects your magic capacity (+9).
   Will:      It increases your willpower.
   Stlth:     It makes you less stealthy.
Wands
 b - a wand of iceblast (8)
 B - a wand of mindburst (12)
 O - a wand of digging (3)
Scrolls
 e - 3 scrolls of noise {unknown}
 f - 3 scrolls of magic mapping {unknown}
 n - a scroll of summoning {unknown}
 t - 3 scrolls of teleportation
 y - 3 scrolls of fog
 C - a scroll of silence {unknown}
 E - 4 scrolls of fear
 L - a scroll of blinking
 M - a scroll of enchant armour {unknown}
 R - a scroll of amnesia {unknown}
 X - a scroll of torment {unknown}
Potions
 d - a potion of might
 g - 2 potions of magic
 i - a potion of berserk rage {unknown}
 k - 3 potions of heal wounds
 z - a potion of brilliance {unknown}
 D - 2 potions of resistance {unknown}
 F - a potion of flight {unknown}
 H - 2 potions of degeneration {unknown}
 J - a potion of curing {unknown}
 Q - a potion of haste {unknown}
 U - a potion of attraction {unknown}
 Y - a potion of mutation {unknown}


   Skills:
 + Level 7.8 Fighting
 + Level 6.5(9.6) Axes
 + Level 10.9(11.7) Maces & Flails
 + Level 9.4 Armour
 + Level 3.9 Dodging
 + Level 3.9 Stealth
 + Level 6.1 Shields


You had 9 spell levels left.
You didn't know any spells.
Your spell library contained the following spells:

 Spells                   Type           Power      Damage    Failure   Level
 Corpse Rot               Necr/Air       0%         N/A       99%         2
 Poisonous Vapours        Pois/Air       0%         N/A       99%         2
 Conjure Flame            Conj/Fire      0%         6-21      100%        3
 Ignite Poison            Fire/Tmut/Pois 0%         N/A       100%        3
 Sticky Flame             Conj/Fire      0%         2d3       100%        4


Dungeon Overview and Level Annotations

Branches:
Dungeon (8/15)             Temple (0/1) D:5          Bailey (1/1)
   Lair: D:8-11

Altars:
Cheibriados
Dithmenos
Gozag
Makhleb
Ru
Sif Muna
Zin
The Shining One

Shops:
D:2 (


Innate Abilities, Weirdness & Mutations

You have a pair of horns on your head.
You reflexively headbutt those who attack you in melee.


Message History

You throw a stone.
The stone hits the orc knight but does no damage.
There is an open door here.
The orc knight barely misses you. The orc knight completely misses you.
The orc knight hits you from afar with a +0 glaive!!
The orc knight complains loudly.
The orc knight hits you from afar with a +0 glaive!!
The orc knight closely misses you. You furiously retaliate!
You headbutt the orc knight. You closely miss the orc knight.
Your headbutt misses the orc knight.
The orc knight is lightly wounded.
The orc knight barely misses you.
You barely miss the orc knight.
The orc knight is lightly wounded.
You block the orc knight's attack.
You closely miss the orc knight. Your headbutt misses the orc knight.
The orc knight is lightly wounded.
You thump the orc knight! You drain the orc knight.
The orc knight is moderately wounded.
The orc knight hits you but does no damage.
You hit the orc knight.
The orc knight is moderately wounded.
The orc knight hits you with a +0 glaive!!
You hit the orc knight. You headbutt the orc knight!
The orc knight is heavily wounded.
You block the orc knight's attack.
You sock the orc knight! You headbutt the orc knight.
The orc knight is severely wounded.
You block the orc knight's attack.
You closely miss the orc knight. You headbutt the orc knight.
The orc knight is severely wounded.
You block the orc knight's attack.
You sock the orc knight! You drain the orc knight.
Your headbutt misses the orc knight.
The orc knight is almost dead.
The orc knight hits you with a +0 glaive!
* * * LOW HITPOINT WARNING * * *
The orc knight hits you from afar with a +0 glaive!
You die...

.....≈≈..## ##..≈≈..........#
≈≈≈≈≈≈..## ##..≈≈≈≈≈≈≈≈≈≈.#
.......## ##...)..)...≈.#
###########+#############.).#
.$$$.# .§......#'.....##.≈.#
#.$.# ≈§≈.≈≈§..##...##[)≈.#
##.## ≈§§§..≈≈..##.##..)≈.#
.#+# ...⌠.(.§≈..#'#..≈≈.## .#
..⌠∩⌠.o.@..#'#..≈≈.∩# ##
≈§§§.(≈≈..## ##.)≈≈.# #
≈§≈§≈§§..## ##..≈.#
..§.....## ##.≈.#
###########+###'#########.≈.#
.......##.....##..........≈.#
≈≈≈≈≈≈..##.∩.##..≈≈≈≈≈≈≈≈≈≈.#
.....≈≈..## ##..)≈.......)..#
####..≈≈..###..)≈..##########


You could see an orc knight (drained).

Vanquished Creatures
  Gastronok (D:8)
  Pikel (D:7)
  The ghost of Maimakterion the Ruffian, a novice DrTm of Qazlal (D:6)
  Maggie (D:6)
  A kobold demonologist (D:8)
  Prince Ribbit (D:6)
  Grinder (D:5)
  A steam dragon (D:7)
  Edmund (D:4)
  Menkaure (D:7)
  Duvessa (D:4)
  A water moccasin (D:6)
  An orc warrior (D:6)
  A black bear (D:5)
  2 necrophages
  2 centaurs
  3 ogres
  A lemure (D:7)
  A bullfrog (D:6)
  A kobold brigand (D:8)
  A scorpion (D:6)
  Dowan (D:4)
  A water moccasin skeleton (D:4)
  5 killer bees (D:8)
  2 howler monkeys (D:7)
  A bullfrog zombie (D:7)
  2 hounds (D:5)
  A centaur skeleton (D:6)
  3 orc priests
  2 iguanas
  5 orc wizards
  A scorpion zombie (D:5)
  2 killer bee zombies (D:6)
  A hound skeleton (D:5)
  A howler monkey zombie (D:7)
  4 adders
  3 gnolls (D:4)
  A white imp (D:8)
  2 adder skeletons (D:4)
  A worm (D:2)
  3 dart slugs
  39 orcs
  13 ball pythons
  5 endoplasms
  2 giant cockroaches (D:1)
  13 goblins
  9 hobgoblins
  3 quokkas
  8 bats
  3 frilled lizards
  10 kobolds
  7 rats
179 creatures vanquished.

Vanquished Creatures (others)
  14 plants (D:5)
  2 withered plants (D:6)
16 creatures vanquished.

Grand Total: 195 creatures vanquished

Notes
Turn   | Place    | Note
-------+----------+-------------------------------------------
     0 | D:1      | issech the Minotaur Fighter began the quest for the Orb.
     0 | D:1      | Reached XP level 1. HP: 19/19 MP: 0/0
     3 | D:1      | Noticed an electric eel
     4 | D:1      | Noticed an electric eel
   116 | D:1      | Reached XP level 2. HP: 20/27 MP: 1/1
   607 | D:1      | Reached XP level 3. HP: 33/33 MP: 2/2
  1282 | D:2      | Found Roffoj's Weapon Shop.
  1489 | D:2      | Reached XP level 4. HP: 41/41 MP: 3/3
  2519 | D:4      | Reached skill level 1 in Dodging
  2550 | D:4      | Reached XP level 5. HP: 47/47 MP: 4/4
  2645 | D:4      | Found a snail-covered altar of Cheibriados.
  2717 | D:4      | Reached skill level 1 in Stealth
  2868 | D:4      | Noticed Edmund
  2884 | D:4      | Killed Edmund
  2885 | D:4      | Reached skill level 5 in Fighting
  2885 | D:4      | Reached skill level 5 in Axes
  2885 | D:4      | Reached XP level 6. HP: 25/56 MP: 5/5
  3122 | D:4      | Noticed Duvessa
  3122 | D:4      | Noticed Dowan
  3130 | D:4      | Killed Duvessa
  3131 | D:4      | Reached skill level 5 in Armour
  3131 | D:4      | Found a burning altar of Makhleb.
  3135 | D:4      | Killed Dowan
  3136 | D:4      | Found a glowing silver altar of Zin.
  3151 | D:4      | Noticed an angel
  3305 | D:4      | Noticed a balrug
  3580 | D:4      | Became a worshipper of Makhleb the Destroyer
  3827 | D:5      | Entered Level 5 of the Dungeon
  3853 | D:5      | Reached XP level 7. HP: 52/61 MP: 6/6
  3857 | D:5      | Reached skill level 1 in Maces & Flails
  4003 | D:5      | Reached skill level 2 in Maces & Flails
  4240 | D:5      | Found a staircase to the Ecumenical Temple.
  4591 | D:5      | Found a shadowy altar of Dithmenos.
  4601 | D:5      | Reached skill level 5 in Shields
  4703 | D:5      | Noticed Grinder
  4715 | D:5      | Reached skill level 3 in Maces & Flails
  4755 | D:5      | Killed Grinder
  4756 | D:5      | Reached XP level 8. HP: 49/70 MP: 7/7
  4800 | D:5      | Found a shimmering blue altar of Sif Muna.
  4990 | D:6      | Identified the ring "Usmarat" {Will+ MP+9 Str+2 Stlth-}
  4998 | D:6      | Reached skill level 4 in Maces & Flails
  5128 | D:6      | Reached skill level 5 in Maces & Flails
  5148 | D:6      | Noticed Prince Ribbit
  5164 | D:6      | Killed Prince Ribbit
  5193 | D:6      | Noticed Maggie
  5213 | D:6      | Killed Maggie
  5213 | D:6      | Reached * piety under Makhleb
  5214 | D:6      | Reached skill level 6 in Maces & Flails
  5413 | D:6      | Found a runed translucent door.
  5561 | D:6      | Reached XP level 9. HP: 78/78 MP: 8/8
  5881 | D:6      | Reached skill level 7 in Maces & Flails
  6142 | D:6      | Noticed Maimakterion's ghost (novice DrTm)
  6182 | D:6      | Killed Maimakterion's ghost
  6278 | D:7      | Reached skill level 8 in Maces & Flails
  6353 | D:7      | Found an opulent altar of Gozag.
  6570 | D:7      | Noticed Menkaure
  6574 | D:7      | Killed Menkaure
  6802 | D:7      | Noticed Pikel
  6810 | D:7      | Killed Pikel
  6811 | D:7      | Reached skill level 9 in Maces & Flails
  7042 | D:7      | Found a glowing golden altar of the Shining One.
  7293 | D:8      | Noticed a kobold demonologist
  7307 | D:8      | Killed a kobold demonologist
  7308 | D:8      | Reached XP level 10. HP: 86/86 MP: 9/9
  7380 | D:8      | Noticed Gastronok
  7392 | D:8      | Killed Gastronok
  7392 | D:8      | Reached ** piety under Makhleb
  7393 | D:8      | Reached skill level 10 in Maces & Flails
  7418 | D:8      | Found a sacrificial altar of Ru.
  7668 | D:8      | Found a flagged portal.
  7698 | Bailey   | Entered a bailey
  7770 | Bailey   | Noticed an orc knight
  7990 | Bailey   | Slain by an orc knight

Illustrated notes

Levels and vault maps discovered:
D:1:      arrival_aquarium_b, layout_rooms
D:2:      layout_basic, serial_shops, nicolae_shop_bloodbath_and_beyond,
          minmay_nonomino_d4
D:3:      layout_rooms
D:4:      layout_loops_ring, grunt_temple_overflow_order_and_chaos_2,
          old_standard_altar, uniq_duvessa, uniq_edmund
D:5:      wander_river, layout_basic, lemuel_blue_sif_altar,
          nicolae_dithmenos_the_darkroom, minmay_temple_entry_gardened_gates,
          serial_bayou_crossing, uniq_grinder
D:6:      layout_basic, gammafunk_ghost_grave,
          hangedman_abyss_or_decor_lesser_grid, minmay_microvault,
          uniq_prince_ribbit1, uniq_maggie
D:7:      layout_loops_ring, tso_altar, grunt_gozag_statues, uniq_menkaure,
          uniq_pikel
D:8:      layout_basic, nicolae_ru_path_of_blood, enter_bailey_5, uniq_gastronok
Bailey:   bailey_polearm_1, bailey

Skill      XL: |  1  2  3  4  5  6  7  8  9 10 |
---------------+-------------------------------+-----
Fighting       | 4 5 6 7 |  7.8
Armour         | 4 5 7 9 |  9.4
Axes           | 3 4 5 6 |  6.5
Shields        | 4 5 6 |  6.1
Dodging        | 1 2 3 |  3.9
Stealth        | 1 2 3 |  3.9
Maces & Flails | 3 6 9 10 | 10.9

Action                   |  1- 3 |  4- 6 |  7- 9 | 10-12 || total
-------------------------+-------+-------+-------+-------++-------
Melee: War axe           |    89 |    51 |       |       ||   140
       Headbutt          |     8 |    11 |    66 |    15 ||   100
       Flail             |       |    15 |   223 |    89 ||   327
Throw: Stone             |       |       |       |     7 ||     7
  Use: Scroll            |       |     3 |     9 |       ||    12
 Stab: Sleeping          |     1 |     2 |     5 |     2 ||    10
       Distracted        |       |     1 |     1 |       ||     2
Armor: Scale mail        |    48 |       |       |       ||    48
       Shadow dragon sca |       |    42 |    60 |    39 ||   141
Dodge: Dodged            |    47 |    27 |    66 |    69 ||   209
Block: Buckler           |    15 |    20 |    32 |    34 ||   101

Table legend: (Time is in decaauts)
 A = Elapsed time spent in this place.
 B = Non-inter-level travel time spent in this place.
 C = Inter-level travel time spent in this place.
 D = Time resting spent in this place.
 E = Time spent auto-exploring this place.
 F = Levels seen in this place.
 G = Mean time per level.
                   A        B        C        D        E       F      G
               +--------+--------+--------+--------+--------+-----+--------+
         Total |   8119 |   8097 |     22 |    531 |   3183 |   9 |  902.1 |
       Dungeon |   7815 |   7793 |     22 |    531 |   3183 |   8 |  976.9 |
        Bailey |    304 |    304 |      0 |      0 |      0 |   1 |  304.0 |
               +--------+--------+--------+--------+--------+-----+--------+

Top non-repeatable levels by time:
     D:4: 1387 daAuts
     D:6: 1277 daAuts
     D:5: 1215 daAuts
     D:1: 1089 daAuts
     D:7: 941 daAuts
     D:2: 756 daAuts
     D:3: 645 daAuts
     D:8: 501 daAuts
  Bailey: 304 daAuts
